 Dungeon Crawl Stone Soup version 0.22-a0-571-g4a923d4 (webtiles) character file.

197 inc the Shield-Bearer (level 5, -8/31 HPs)
             Began as an Octopode Fire Elementalist on July 1, 2018.
             Mangled by a crocodile (11 damage)
             ... in a sewer.
             The game lasted 00:05:42 (2564 turns).

inc the Shield-Bearer (Octopode Fire Elementalist)  Turns: 2564, Time: 00:05:43

Health: -8/31      AC:  1    Str:  7    XL:     5   Next: 75%
Magic:  4/8        EV: 13    Int: 18    God:
Gold:   158        SH:  5    Dex: 13    Spells: 7/8 levels left

rFire    . . .     SeeInvis .   c - +0 short sword
rCold    . . .     Gourm    .   k - +0 buckler
rNeg     . . .     Faith    .   (helmet restricted)
rPois    .         Spirit   .   (no amulet)
rElec    .         Reflect  .   f - ring of teleportation (curse)
rCorr    .         Harm     .   (no ring)
MR       .....     Rnd*Tele +   (no ring)
Stlth    +++.......             (no ring)
HPRegen  0.10/turn              (no ring)
MPRegen  0.11/turn              (no ring)
                                (no ring)
                                (no ring)

@: no status effects
A: almost no armour, stealthy swim, amphibious, 8 rings, constrict 8, camouflage
1, gelatinous body 1
a: no special abilities


You were in a sewer.
You were not hungry.

You visited 1 branch of the dungeon, and saw 3 of its levels.
You also visited: Sewer.

You collected 158 gold pieces.

Inventory:

Hand Weapons
 a - a +0 mace
 c - a +0 short sword (weapon)
Armour
 k - a +0 buckler (worn)
Jewellery
 f - a cursed ring of teleportation (left tentacle)
 l - an uncursed ring of flight {unknown}
Scrolls
 d - 2 scrolls of identify {unknown}
 e - 3 scrolls of blinking {unknown}
 g - a scroll of noise {unknown}
 h - a scroll of amnesia {unknown}
 i - a scroll of enchant armour {unknown}
 n - 3 scrolls of remove curse {unknown}
Potions
 j - a potion of curing {unknown}
 m - a potion of degeneration {unknown}
 o - a potion of magic {unknown}
 p - a potion of ambrosia {unknown}
Comestibles
 b - 2 rations


   Skills:
 - Level 2.0 Dodging
 - Level 2.6 Stealth
 + Level 3.8 Shields
 - Level 2.0 Spellcasting
 - Level 3.6 Conjurations
 - Level 3.0 Fire Magic


You had 7 spell levels left.
You knew the following spells:

 Your Spells              Type           Power        Failure   Level  Hunger
a - Flame Tongue          Conj/Fire      ##...        4%          1    #......

Your spell library contained the following spells:

 Spells                   Type           Power        Failure   Level  Hunger
 Fireball                 Conj/Fire      ##........   78%         5    ######.
 Conjure Flame            Conj/Fire      ##......     14%         3    ###....
 Throw Flame              Conj/Fire      ##....       7%          2    ###....
 Sticky Flame             Conj/Fire      ##......     43%         4    #####..
 Inner Flame              Hex/Fire       #.......     28%         3    ###....


Dungeon Overview and Level Annotations

Branches:
Dungeon (3/15)

Altars:

Annotations:
D:2 1 runed door


Innate Abilities, Weirdness & Mutations

You cannot wear most types of armour.
You are very stealthy in the water. (Stealth+)
You are amphibious.
You can wear up to eight rings at the same time.
You can use your tentacles to constrict eight enemies at once.
Your skin changes colour to match your surroundings (Stealth+).
Your rubbery body absorbs attacks. (AC +1, EV +1)


Message History

Aiming: Flame Tongue (safe; 4% risk of failure)
Press: ? - help, Shift-Dir - straight line, f/p - crocodile
Aim: a crocodile (severely wounded)
The flame tongue hits the crocodile.
The crocodile appears unharmed.
The crocodile is severely wounded.
The crocodile barely misses you.
Casting: Flame Tongue (safe; 4% risk of failure)
Confirm with . or Enter, or press ? or * to list all spells.
Aiming: Flame Tongue (safe; 4% risk of failure)
Press: ? - help, Shift-Dir - straight line, f/p - crocodile
Aim: a crocodile (severely wounded)
The flame tongue misses the crocodile.
The crocodile bites you!
* * * LOW HITPOINT WARNING * * *
Casting: Flame Tongue (safe; 4% risk of failure)
Confirm with . or Enter, or press ? or * to list all spells.
Aiming: Flame Tongue (safe; 4% risk of failure)
Press: ? - help, Shift-Dir - straight line, f/p - crocodile
Aim: a crocodile (severely wounded)
The flame tongue misses the crocodile.
The crocodile bites you!
You die...

####### ##.....##
#......$#
###########.....$?#
.........@t.....?(#
######.####.....$$#
#. #......$# #.
##.....## #.
####### #.# #.#
##.## ##...##


You could see a crocodile.

Vanquished Creatures
  Natasha (thrice) (D:3)
  A worker ant (D:3)
  3 adders
  A worm (D:2)
  A dart slug (D:1)
  4 leopard geckos (D:1)
  An orc (D:3)
  12 bats
  3 giant cockroaches
  5 goblins
  8 hobgoblins
  4 jackals
  9 kobolds
  2 quokkas (D:2)
  A frilled lizard (D:1)
  7 rats
65 creatures vanquished.

Notes
Turn   | Place    | Note
-------+----------+-------------------------------------------
     0 | D:1      | inc the Octopode Fire Elementalist began the quest for the Orb.
     0 | D:1      | Reached XP level 1. HP: 11/11 MP: 3/3
   326 | D:1      | Reached XP level 2. HP: 15/17 MP: 5/5
   539 | D:1      | Reached XP level 3. HP: 17/21 MP: 6/6
  1362 | D:2      | Reached XP level 4. HP: 26/27 MP: 5/7
  1414 | D:2      | Reached skill level 1 in Shields
  1999 | D:2      | Found a runed door.
  2033 | D:2      | Noticed a sky beast
  2108 | D:3      | Noticed Natasha
  2122 | D:3      | Killed Natasha
  2122 | D:3      | Reached XP level 5. HP: 16/31 MP: 1/8
  2277 | D:3      | Noticed Natasha
  2292 | D:3      | Killed Natasha
  2388 | D:3      | Noticed Natasha
  2397 | D:3      | Killed Natasha
  2517 | D:3      | Found a glowing drain.
  2532 | Sewer    | Entered a sewer
  2548 | Sewer    | Noticed a crocodile
  2564 | Sewer    | Mangled by a crocodile

Vault maps used:
D:1:      dpeg_arrival_pond, minmay_tromino_i4
D:2:      wad_river_or_something, uniq_crazy_yiuf_cottage
D:3:      portal_sewer_entry_d, uniq_natasha
Sewer:    sewer_big_baddie

Skill      XL: |  1  2  3  4  5 |
---------------+----------------+-----
Conjurations   | 2 3 |  3.6
Shields        | 2 3 |  3.8
Dodging        | |  2.0
Stealth        | |  2.6
Spellcasting   | |  2.0
Fire Magic     | |  3.0

Action                   |  1- 3 |  4- 6 || total
-------------------------+-------+-------++-------
Melee: Mace              |     3 |       ||     3
       Short sword       |    43 |    63 ||   106
       Constrict         |     9 |    16 ||    25
       Tentacles         |     8 |    13 ||    21
 Cast: Flame Tongue      |    34 |    35 ||    69
 Stab: Sleeping          |       |     6 ||     6
  Eat: Chunk             |     2 |     4 ||     6
Armor: Skin              |    14 |     6 ||    20
Dodge: Dodged            |    52 |    62 ||   114
Block: Buckler           |       |    17 ||    17

Table legend:
 A = Spawn XP
 B = Non-spawn XP
 C = Spawn XP percentage of total XP
 D = Spawn monster count
 E = Non-spawn monster count
 F = Spawn count percentage of total count
 G = Total turns spent on level
                    A         B        C        D         E        F      G
               +---------+---------+-------+---------+---------+-------+---------
         Total |       0 |     282 |   0.0 |       0 |      65 |   0.0 |  2564
               +---------+---------+-------+---------+---------+-------+---------
           D:1 |       0 |      55 |   0.0 |       0 |      28 |   0.0 |  1160
           D:2 |       0 |      61 |   0.0 |       0 |      21 |   0.0 |   919
           D:3 |       0 |     161 |   0.0 |       0 |      12 |   0.0 |   453
         Sewer |       0 |       5 |   0.0 |       0 |       4 |   0.0 |    32
               +---------+---------+-------+---------+---------+-------+---------
